 Dungeon Crawl Stone Soup version 0.31-a0-986-g5e6e4ef867 (webtiles) character file.

Game seed: 3720897027835998156

1883 jasper the Fighter (level 8, 0/72 HPs)
             Began as a Demonspawn Shapeshifter on Nov 4, 2023.
             Was a Priest of Trog.
             Slain by a wolf spider zombie (2 damage)
             ... on level 9 of the Dungeon.
             The game lasted 00:10:49 (5860 turns).

jasper the Fighter (Demonspawn Shapeshifter)        Turns: 5860, Time: 00:10:50

Health: 0/72       AC: 13    Str: 15    XL:     8   Next: 92%
Magic:  8/8        EV: 11    Int: 12    God:    Trog [***...]
Gold:   109        SH:  0    Dex: 14    Spells: 7/7 levels left

rFire   . . .        v - +6 war axe "Pekkoush" {protect, rElec rC+ rN+ Stlth+}
rCold   + . .        (no shield)
rNeg    + + .        g - +1 leather armour
rPois   +            (helmet currently unavailable)
rElec   +            (cloak currently unavailable)
rCorr   .            (gloves currently unavailable)
SInv    .            (boots currently unavailable)
Will    .....        (no amulet)
Stlth   ++           i - ring of positive energy
HPRegen 0.32/turn    m - ring of poison resistance
MPRegen 0.11/turn

%: no passive effects
@: beast-form, under a protective aura, on berserk cooldown, slowed, very slow
A: beast (slay +3), horns 1, icy blue scales 1, demonic guardian 1
a: Begin Untransformation, Renounce Religion, Berserk, Trog's Hand


You were on level 9 of the Dungeon.
You worshipped Trog.
Trog was most pleased with you.
You were a hulking beast.
You visited 1 branch of the dungeon, and saw 7 of its levels.
You also visited: Sewer.

You collected 305 gold pieces.
You spent 196 gold pieces at shops.

Inventory:

Hand Weapons
 b - a +2 dagger of venom
 l - a +1 short sword of protection
 u - a +2 heavy spear
 v - the +6 war axe "Pekkoush" (weapon) {protect, rElec rC+ rN+ Stlth+}
   (You found it on level 5 of the Dungeon)

   rC+:       It protects you from cold.
   rElec:     It insulates you from electricity.
   rN+:       It protects you from negative energy.
   Stlth+:    It makes you more stealthy.
 A - a +2 whip of venom
 D - the +3 sling of Heecexy {antimagic, rElec rC- Str+6 Int+3}
   (You found it on level 5 of the Dungeon)

   Str+6:     It affects your strength (+6).
   Int+3:     It affects your intelligence (+3).
   rC-:       It makes you vulnerable to cold.
   rElec:     It insulates you from electricity.
Missiles
 h - 40 stones (quivered)
 q - a throwing net
 J - 14 poisoned darts
Armour
 a - a +0 animal skin
 g - a +1 leather armour (worn)
 k - a +0 pair of gloves
 s - an orb of wrath
 y - an orb of mayhem
 B - a +0 cloak
 F - a +1 pair of boots
Jewellery
 e - a ring of magical power
 i - a ring of positive energy (left hand)
 m - a ring of poison resistance (right hand)
 n - a ring of flight
 x - a ring of see invisible
Talismans
 c - a beast talisman
 d - a flux talisman
Wands
 j - a wand of digging (8)
 w - a wand of mindburst (17)
Scrolls
 o - 2 scrolls of teleportation
 I - 2 scrolls of amnesia
 M - a scroll of enchant armour
Potions
 f - a potion of brilliance
 p - 3 potions of mutation
 r - 2 potions of curing
 t - 3 potions of heal wounds {unknown}
 z - a potion of degeneration {unknown}
 C - 2 potions of resistance {unknown}
 E - 2 potions of attraction {unknown}
 G - 2 potions of might {unknown}
 H - a potion of invisibility {unknown}
 K - 2 potions of magic {unknown}
 L - 2 potions of cancellation {unknown}


   Skills:
 - Level 10.1 Fighting
 - Level 1.7 Dodging
 - Level 2.6 Unarmed Combat
 + Level 5.5 Shapeshifting


You had 7 spell levels left.
You didn't know any spells.
Your spell library contained the following spells:

 Spells                   Type           Power      Damage    Failure   Level
 Sublimation of Blood     Necr           0%         N/A       52%         2
 Petrify                  Tmut/Erth      0%         N/A       99%         4
 Irradiate                Conj/Tmut      0%         3d11      100%        5


Dungeon Overview and Level Annotations

Branches:
Dungeon (9/15)              Sewer (visited)
 Temple: D:4-7         Lair: D:8-11         Orc: D:9-12

Altars:
Makhleb
Trog

Shops:
D:2 ?   D:3 !   D:6 [

Annotations:
D:9 exclusion: yak


Innate Abilities, Weirdness & Mutations

You are a hulking beast.
Your limbs bulge with bestial killing power. (Slay +3)
You have a pair of small horns on your head.
You are partially covered in icy blue scales. (AC +2)
A weak demonic guardian rushes to your aid.


Message History

The wolf spider zombie misses you.
The wolf spider zombie bites you but does no damage.
You take 11 damage, and have 28/72 hp.
You slash the wolf spider zombie!
The wolf spider zombie is heavily damaged.
The wolf spider zombie hits you but does no damage.
The wolf spider zombie bites you but does no damage.
The wolf spider zombie hits you. The wolf spider zombie bites you.
The wolf spider zombie hits you!
* * * LOW HITPOINT WARNING * * *
A demonic guardian appears!
The wolf spider zombie closely misses you.
You take 18 damage, and have 10/72 hp.
MASSIVE DAMAGE!!
You slash the wolf spider zombie!
The wolf spider zombie is severely damaged.
The wolf spider zombie misses you.
The wolf spider zombie bites you but does no damage.
Your ufetubus completely misses the wolf spider zombie.
Your ufetubus hits the wolf spider zombie.
The wolf spider zombie misses you. The wolf spider zombie bites you.
* * * LOW HITPOINT WARNING * * *
Your ufetubus hits the wolf spider zombie.
Your ufetubus hits the wolf spider zombie but does no damage.
The wolf spider zombie misses you.
The wolf spider zombie barely misses you.
Your ufetubus hits the wolf spider zombie.
Your ufetubus hits the wolf spider zombie but does no damage.
You take 2 damage, and have 8/72 hp.
You slash the wolf spider zombie!
The wolf spider zombie is almost destroyed.
Your ufetubus hits the wolf spider zombie.
Your ufetubus barely misses the wolf spider zombie.
The wolf spider zombie hits you but does no damage.
The wolf spider zombie bites you!
* * * LOW HITPOINT WARNING * * *
A demonic guardian appears!
Your ufetubus barely misses the wolf spider zombie.
Your ufetubus hits the wolf spider zombie.
The wolf spider zombie hits you.
You die...

....... #.......#
#.......# #.......#
#.......#
#######.......# ####
)..†..........####..#
..####.........Zh...###
#........#.###.55.....#
####.........#........#
#..#))).##....).....#
###.##..........).....#
#....†....####>.).....#
....###.##.##.........#
######..##.##.#####.###
.# #..>...##. #.#


You could see a wolf spider zombie (ally target), a friendly shadow imp
(summoned) and a friendly ufetubus (summoned).

Vanquished Creatures
  A hellwing (D:9)
  A wyvern (D:9)
  A basilisk (D:9)
  A water moccasin (D:9)
  An orc warrior (D:9)
  An ogre (D:4)
  A kobold brigand (Sewer)
  2 bullfrogs
  2 scorpions
  A jelly (D:5)
  2 gnoll boudas
  A hound (D:5)
  Jessica (D:2)
  3 orc wizards
  10 gnolls
  7 adders
  A river rat (D:6)
  2 shadow imps (D:5)
  2 worms (D:2)
  2 dart slugs
  5 orcs
  7 endoplasms
  5 giant cockroaches
  5 goblins
  7 hobgoblins
  6 jackals
  4 quokkas
  10 ball pythons
  8 bats
  4 frilled lizards
  20 kobolds
  11 rats
135 creatures vanquished.

Vanquished Creatures (collateral kills)
  A wyvern (D:9)
  A kobold brigand (D:9)
  A sleepcap (D:4)
  A gnoll (D:4)
  A kobold (D:3)
  A rat (D:3)
6 creatures vanquished.

Grand Total: 141 creatures vanquished

Notes
Turn   | Place    | Note
-------+----------+-------------------------------------------
     0 | D:1      | jasper the Demonspawn Shapeshifter began the quest for the
                  | Orb.
     0 | D:1      | Reached XP level 1. HP: 15/15 MP: 1/1
   152 | D:1      | Reached skill level 2 in Fighting
   159 | D:1      | Gained mutation: A weak demonic guardian rushes to your
                  | aid. [demonic ancestry]
   159 | D:1      | Reached XP level 2. HP: 14/22 MP: 2/2
   914 | D:2      | Identified the "Wydwyoq"
   945 | D:2      | Reached skill level 3 in Fighting
   951 | D:2      | Gained mutation: You have a pair of small horns on your
                  | head. [demonic ancestry]
   951 | D:2      | Reached XP level 3. HP: 28/29 MP: 3/3
   997 | D:2      | Found a faded altar of an unknown god.
  1008 | D:2      | Prayed at the altar of an unknown god.
  1008 | D:2      | Became a worshipper of Trog the Wrathful
  1008 | D:2      | Reached * piety under Trog
  1104 | D:2      | Noticed Jessica
  1130 | D:2      | Killed Jessica
  1131 | D:2      | Reached skill level 4 in Fighting
  1131 | D:2      | Reached XP level 4. HP: 14/37 MP: 4/4
  1624 | D:2      | Found Jaexyofa's Magic Scroll Shop.
  1631 | D:2      | Bought a scroll of identify for 28 gold pieces
  1631 | D:2      | Bought a scroll of teleportation for 42 gold pieces
  2287 | D:3      | Found Aticvic's Distillery.
  2302 | D:3      | Reached ** piety under Trog
  2733 | D:4      | Reached XP level 5. HP: 37/43 MP: 5/5
  2739 | D:4      | Reached skill level 5 in Fighting
  3000 | D:4      | Noticed an ogre
  3004 | D:4      | Killed an ogre
  3005 | D:4      | Reached skill level 6 in Fighting
  3005 | D:4      | Reached XP level 6. HP: 53/53 MP: 6/6
  3984 | D:5      | Entered Level 5 of the Dungeon
  4027 | D:5      | Reached skill level 7 in Fighting
  4191 | D:5      | Identified the +6 war axe "Pekkoush" {protect, rElec rC+
                  | rN+ Stlth+}
  4326 | D:5      | Reached XP level 7. HP: 59/60 MP: 7/7
  4471 | D:5      | Noticed an Executioner
  4472 | D:5      | Found a burning altar of Makhleb.
  4476 | D:5      | Noticed an angel
  4586 | D:5      | Identified the +3 sling of Heecexy {antimagic, rElec rC-
                  | Str+6 Int+3}
  4692 | D:5      | Reached skill level 8 in Fighting
  4920 | D:6      | Found Lileril's Armour Boutique.
  4923 | D:6      | Bought a +1 pair of boots for 126 gold pieces
  4947 | D:6      | Found a glowing drain.
  4962 | D:6      | Reached *** piety under Trog
  4970 | Sewer    | Entered a sewer
  5350 | D:6      | You fall into a shaft and drop 3 floors!
  5379 | D:9      | Noticed a wyvern
  5398 | D:9      | Noticed a yak
  5412 | D:9      | Noticed a basilisk
  5432 | D:9      | Killed a wyvern
  5433 | D:9      | Reached skill level 9 in Fighting
  5438 | D:9      | HP: 2/96 [basilisk (5)]
  5443 | D:9      | Killed a basilisk
  5444 | D:9      | Gained mutation: You are partially covered in icy blue
                  | scales. (AC +2) [demonic ancestry]
  5444 | D:9      | Reached XP level 8. HP: 4/72 MP: 8/8
  5548 | D:9      | Reached skill level 10 in Fighting
  5806 | D:9      | Noticed a hellwing
  5838 | D:9      | Killed a hellwing
  5839 | D:9      | Reached skill level 5 in Shapeshifting
  5860 | D:9      | HP: 2/72 [wolf spider zombie (7)]
  5860 | D:9      | Slain by a wolf spider zombie

Illustrated notes

Levels and vault maps discovered:
D:1:      dpeg_arrival_round_c, layout_basic
D:2:      layout_basic, shapermc_ecumenical_altar_rom_forum, serial_shops, shop,
          minmay_misc_feat_chi, uniq_jessica
D:3:      layout_basic, serial_shops, nicolae_shop_getting_attention
D:4:      layout_basic, minmay_cupped
D:5:      layout_basic, grunt_temple_overflow_order_and_chaos_2
D:6:      layout_rooms, minmay_temple_entry_fiery, serial_shops, shop,
          portal_sewer_entry_c, nicolae_kite_square_tiling_tiny,
          nicolae_the_louvre, uniq_maggie
D:9:      cheibrodos_grave_circle, layout_rooms, minitemple,
          minmay_lair_entry_grove, orc_david_3, serial_shops, shop

Skill      XL: |  1  2  3  4  5  6  7  8 |
---------------+-------------------------+-----
Fighting       | 2 3 4 6 7 9 10 | 10.1
Shapeshifting  | 5 |  5.5
Dodging        | |  1.7
Unarmed Combat | |  2.6

Action                     |  1- 3 |  4- 6 |  7- 9 || total
---------------------------+-------+-------+-------++-------
  Melee: Unarmed           |    85 |       |       ||    85
         Short sword       |    26 |       |       ||    26
         Punch             |     4 |     3 |     3 ||    10
         Headbutt          |     3 |    20 |    23 ||    46
         Dagger            |       |    70 |       ||    70
         Spear             |       |    53 |       ||    53
         War axe           |       |     3 |   122 ||   125
  Throw: Stone             |       |     4 |     1 ||     5
 Invoke: Berserk           |       |     1 |     3 ||     4
    Use: Scroll            |     1 |     7 |     3 ||    11
         Potion            |     1 |       |       ||     1
   Stab: Sleeping          |       |     2 |     2 ||     4
         Distracted        |       |     1 |     1 ||     2
 Armour: Animal skin       |    17 |       |       ||    17
         Leather armour    |    21 |    96 |   133 ||   250
         Skin              |    11 |       |       ||    11
  Dodge: Dodged            |    66 |    83 |   112 ||   261

Table legend: (Time is in decaauts)
 A = Elapsed time spent in this place.
 B = Non-inter-level travel time spent in this place.
 C = Inter-level travel time spent in this place.
 D = Time resting spent in this place.
 E = Time spent auto-exploring this place.
 F = Levels seen in this place.
 G = Mean time per level.
                   A        B        C        D        E       F      G
               +--------+--------+--------+--------+--------+-----+--------+
         Total |   6001 |   5799 |    202 |    419 |   4064 |   8 |  750.1 |
       Dungeon |   5686 |   5484 |    202 |    419 |   3882 |   7 |  812.3 |
         Sewer |    315 |    315 |      0 |      0 |    182 |   1 |  315.0 |
               +--------+--------+--------+--------+--------+-----+--------+

Top non-repeatable levels by time:
     D:4: 1318 daAuts
     D:2: 1167 daAuts
     D:5: 954 daAuts
     D:1: 910 daAuts
     D:3: 613 daAuts
     D:9: 558 daAuts
   Sewer: 315 daAuts
     D:6: 163 daAuts
